 Dungeon Crawl Stone Soup version 0.29.1-1-gd02db6906a (webtiles) character file.

Game seed: 9667386980529826059

337 LabCoat the Trooper (level 6, 20/57 HPs)
             Began as a Hill Orc Fighter on Oct 11, 2022.
             Quit the game on level 4 of the Dungeon.
             The game lasted 00:09:27 (3591 turns).

LabCoat the Trooper (Hill Orc Fighter)              Turns: 3591, Time: 00:09:28

Health: 20/57      AC: 13    Str: 18 (20) XL:     6   Next: 54%
Magic:  6/6        EV:  7    Int:  5 (7)  God:
Gold:   255        SH:  4    Dex: 12 (14) Spells: 5/5 levels left

rFire   . . .      SeeInvis .   a - +0 war axe
rCold   . . .      Faith    .   c - +0 buckler
rNeg    . . .      Spirit   .   i - +0 chain mail
rPois   .          Reflect  .   s - +1 helmet
rElec   +          Harm     .   d - +1 cloak {Stlth+}
rCorr   .          Rampage  .   (no gloves)
Will    .....      Clarity  +   (no boots)
Stlth   ..........              (no amulet)
HPRegen 0.19/turn               (no ring)
MPRegen 0.10/turn               (no ring)

@: no status effects
A: agile 1, clarity, electricity resistance, wild magic 1
a: no special abilities


You were on level 4 of the Dungeon.
You visited 2 branches of the dungeon, and saw 5 of its levels.

You collected 255 gold pieces.

Inventory:

Hand Weapons
 a - a +0 war axe (weapon)
 b - a +0 hammer
Missiles
 m - 3 boomerangs
 v - 4 poisoned darts (quivered)
Armour
 c - a +0 buckler (worn)
 d - a +1 cloak of stealth (worn)
 i - a +0 chain mail (worn)
 s - a +1 helmet (worn)
Jewellery
 q - a ring of flight
Scrolls
 f - a scroll of summoning
 g - a scroll of butterflies {unknown}
 j - 3 scrolls of teleportation
 k - 2 scrolls of magic mapping
 o - a scroll of silence {unknown}
 p - a scroll of blinking
 u - a scroll of enchant armour {unknown}
Potions
 e - a potion of curing
 h - a potion of resistance
 l - 3 potions of degeneration
 n - a potion of magic {unknown}
 r - 2 potions of mutation
 t - a potion of heal wounds {unknown}
 w - a potion of cancellation {unknown}
 x - a potion of flight {unknown}


   Skills:
 * Level 5.8 Fighting
 * Level 5.5 Axes
 + Level 4.3 Armour
 + Level 1.7 Dodging
 - Level 3.2 Shields


You had 5 spell levels left.
You didn't know any spells.
Your spell library contained the following spells:

 Spells                   Type           Power      Damage    Failure   Level
 Blink                    Tloc           0%         N/A       100%        2
 Animate Armour           Summ/Erth      0%         N/A       100%        4
 Animate Dead             Necr           0%         N/A       100%        4
 Blade Hands              Tmut           0%         N/A       100%        5
 Manifold Assault         Tloc           0%         N/A       100%        5
 Iron Shot                Conj/Erth      0%         9d1       100%        6
 Haunt                    Necr/Summ      0%         N/A       100%        7
 Storm Form               Tmut/Air       0%         N/A       100%        7
 Infestation              Necr           0%         N/A       100%        8


Dungeon Overview and Level Annotations

Branches:
Dungeon (4/15)             Temple (1/1) D:4

Altars:
Ashenzari
Dithmenos
Elyvilon
Fedhas
Gozag
Hepliaklqana
Kikubaaqudgha
Ru
Sif Muna
Uskayaw
Wu Jian
Yredelemnul
The Shining One


Innate Abilities, Weirdness & Mutations

You are agile. (Dex +4, Str/Int -1)
You possess an exceptional clarity of mind.
You are resistant to electric shocks. (rElec)
Your spells are a little harder to cast, but a little more powerful.


Message History

You slash the endoplasm!
You kill the endoplasm!
You block the gnoll sergeant's attack. The gnoll sergeant barely misses you.
The orc hits you from afar with a +0 trident.
There is an open door here.
You slash the gnoll sergeant!
The gnoll sergeant is moderately wounded.
The orc hits you but does no damage.
The gnoll sergeant hits you with a +2 trident of venom.
You are poisoned.
You hit the gnoll sergeant.
The gnoll sergeant is heavily wounded.
You feel very sick. You block the orc's attack.
The gnoll sergeant hits you with a +2 trident of venom.
You are more poisoned.
The orc closely misses you.
The gnoll sergeant hits you but does no damage.
You are more poisoned.
You feel better. The orc barely misses you.
You block the gnoll sergeant's attack.
You closely miss the gnoll sergeant.
The gnoll sergeant is heavily wounded.
The orc hits you but does no damage.
The gnoll sergeant hits you with a +2 trident of venom!
You are poisoned.
You feel better.
The orc hits you from afar with a +0 trident.
The gnoll sergeant hits you with a +2 trident of venom.
It was a potion of degeneration.
There was something very wrong with that liquid.
You feel weakened.
You feel dopey.
You feel clumsy.
The orc hits you from afar with a +0 trident.
You block the gnoll sergeant's attack.
It was a potion of mutation.
You feel extremely strange.
You feel agile.
Your thoughts seem clearer.
You feel insulated.
You feel less in control of your magic. The orc barely misses you.
The gnoll sergeant barely misses you.
Are you sure you want to abandon this character and quit the game? (Confirm with "yes".)

#...# ##.#.## # #.#)#########
##)###.## # #.#......#..## ##.##
##.#### #.#......#..+" #.##
##.... #.#..##..#'### ##.##
##..... #.#..##..#...#
##.###.)...# #####.#......#s#.#
##.#.....#. ......#......#og.#
#...##.#.# .##...##'#######@####
######..#. .##.#..#[)...#....#.##
#.#.# .##.#..#...†.#....#..##
###..#. .##.#..#..#..#....#.)<##
......#
.......#.....'....#....###.##....
###†####.....######)....^.. ###..
##.## #######...........#.#####.
#...# #...............#.#.....
#...# #.......................


You could see a gnoll sergeant, a scorpion and an orc.

Vanquished Creatures
  A scorpion (D:4)
  A hound (D:4)
  Crazy Yiuf (D:2)
  An iguana (D:4)
  An orc wizard (D:4)
  A gnoll (D:3)
  3 adders (D:4)
  A white imp (D:3)
  3 worms
  3 dart slugs
  6 orcs
  7 bats
  10 endoplasms
  4 giant cockroaches
  11 goblins
  8 hobgoblins
  10 jackals
  9 kobolds
  3 quokkas
  10 ball pythons
  5 frilled lizards
  6 rats
  A spectral goblin (D:1)
106 creatures vanquished.

Vanquished Creatures (others)
  2 plants (D:2)
2 creatures vanquished.

Grand Total: 108 creatures vanquished

Notes
Turn   | Place    | Note
-------+----------+-------------------------------------------
     0 | D:1      | LabCoat the Hill Orc Fighter began the quest for the Orb.
     0 | D:1      | Reached XP level 1. HP: 19/19 MP: 1/1
   227 | D:1      | Reached XP level 2. HP: 23/27 MP: 2/2
   444 | D:1      | Reached XP level 3. HP: 33/33 MP: 3/3
   487 | D:1      | Found a faded altar of an unknown god.
  1093 | D:2      | Reached XP level 4. HP: 41/41 MP: 4/4
  1517 | D:2      | Found a runed translucent door.
  1518 | D:2      | Noticed Crazy Yiuf
  1527 | D:2      | Killed Crazy Yiuf
  1528 | D:2      | Reached skill level 1 in Dodging
  2105 | D:3      | Reached XP level 5. HP: 47/47 MP: 5/5
  2144 | D:3      | Reached skill level 5 in Fighting
  2955 | D:4      | Found a staircase to the Ecumenical Temple.
  2967 | Temple   | Entered the Ecumenical Temple
  3087 | D:4      | Reached skill level 5 in Axes
  3087 | D:4      | Reached XP level 6. HP: 56/56 MP: 6/6
  3275 | D:4      | Found a sacrificial altar of Ru.
  3590 | D:4      | Gained mutation: You are agile. (Dex +4, Str/Int -1)
                  | [potion of mutation]
  3590 | D:4      | Gained mutation: You possess an exceptional clarity of
                  | mind. [potion of mutation]
  3590 | D:4      | Gained mutation: You are resistant to electric shocks.
                  | (rElec) [potion of mutation]
  3590 | D:4      | Gained mutation: Your spells are a little harder to cast,
                  | but a little more powerful. [potion of mutation]
  3591 | D:4      | Quit the game

Illustrated notes

Levels and vault maps discovered:
D:1:      scummos_arrival_hexagon, layout_rooms,
          dreamdust_ecumenical_altar_drowned_temple, grunt_decor_fettered
D:2:      layout_basic, serial_bayou_ford_a, kennysheep_generic_room_9,
          uniq_crazy_yiuf_cottage
D:3:      kennysheep_six_static_rooms, layout_loops_ring,
          kennysheep_decorative_pillar
D:4:      minmay_clustersquares, layout_loops_cross, kennysheep_mini_moat,
          minmay_temple_entry_grid
Temple:   hellmonk_temple_two_chambers

Skill      XL: |  1  2  3  4  5 |
---------------+----------------+-----
Axes           | 3 4 5 |  5.5
Fighting       | 4 5 |  5.8
Dodging        | 1 |  1.7
Armour         | 4 |  4.3
Shields        | |  3.2

Action                   |  1- 3 |  4- 6 || total
-------------------------+-------+-------++-------
Melee: War axe           |    95 |   206 ||   301
Throw: Dart              |       |    18 ||    18
  Use: Scroll            |     4 |     4 ||     8
       Potion            |       |     7 ||     7
Armor: Chain mail        |    56 |   158 ||   214
       Scale mail        |     1 |       ||     1
Dodge: Dodged            |    28 |    58 ||    86
Block: Buckler           |    22 |    43 ||    65
